 Dungeon Crawl Stone Soup version 0.25-a0-265-g7af84ae0ac (webtiles) character file.

Game seed: 12281958552427241824, levelgen mode: deterministic

42 night the Insei (level 3, -7/29 HPs)
             Began as a Demonspawn Monk on Dec 8, 2019.
             Mangled by an iguana (14 damage)
             ... on level 2 of the Dungeon.
             The game lasted 00:01:56 (1358 turns).

night the Insei (Demonspawn Monk)                   Turns: 1358, Time: 00:01:57

Health: -7/29      AC:  3    Str: 11    XL:     3   Next: 33%
Magic:  0/3        EV: 13    Int: 12    God:
Gold:   94         SH:  0    Dex: 15    Spells: 2/2 levels left

rFire    . . .     SeeInvis .     - Unarmed
rCold    . . .     Gourm    .   (no shield)
rNeg     . . .     Faith    .   a - +0 robe
rPois    .         Spirit   +   (no helmet)
rElec    .         Reflect  .   h - +0 cloak
rCorr    .         Harm     .   (no gloves)
MR       .....                  (no boots)
Stlth    ++........             (no amulet)
HPRegen  0.09/turn              (no ring)
MPRegen  0.08/turn              (no ring)

@: no status effects
A: magic shield
a: no special abilities


You were on level 2 of the Dungeon.
You were not hungry.

You visited 1 branch of the dungeon, and saw 2 of its levels.

You collected 94 gold pieces.

Inventory:

Missiles
 d - 31 bolts
 e - 57 stones (quivered)
Armour
 a - a +0 robe (worn)
 h - a +0 cloak (worn)
Scrolls
 i - a scroll of immolation {unknown}
Potions
 c - a potion of mutation {unknown}
 g - 2 potions of heal wounds {unknown}
 j - a potion of agility {unknown}
Comestibles
 b - 5 rations
 f - 2 chunks of flesh


   Skills:
 + Level 3.5 Fighting
 - Level 2.6 Dodging
 - Level 1.7 Stealth
 * Level 3.6 Unarmed Combat


You had 2 spell levels left.
You didn't know any spells.
Your spell library was empty.

Dungeon Overview and Level Annotations

Branches:
Dungeon (2/15)

Altars:
Qazlal


Innate Abilities, Weirdness & Mutations

When hurt, damage is shared between your health and your magic reserves.


Message History

A hobgoblin comes into view. It is wielding a +0 club.
An iguana comes into view.
The iguana hisses angrily.
The hobgoblin shouts!
Found an escape hatch in the floor.
The iguana barely misses you.
You completely miss the iguana. The iguana bites you.
You closely miss the iguana. The iguana bites you!
The hobgoblin barely misses you.
You closely miss the iguana. The iguana barely misses you.
You hit the iguana.
The iguana is moderately wounded.
The iguana closely misses you.
You hit the iguana.
The iguana is moderately wounded.
The iguana bites you!
* * * LOW HITPOINT WARNING * * *
You barely miss the iguana.
The iguana is moderately wounded.
The iguana bites you!
You die...

...# #
#.###...######
.### #..####.#
.. ##.# ### ##.
#.## #..##
##..## ##..## .
##..# ...##
##@# .....>##l#
#...g#
#.............#
####..........#
............#
###..........#
#..........#
############


You could see an iguana and a hobgoblin.

Vanquished Creatures
  2 adders (D:2)
  A dart slug (D:1)
  4 jackals (D:1)
  3 kobolds
  6 bats
  3 frilled lizards
  4 rats
23 creatures vanquished.

Notes
Turn   | Place    | Note
-------+----------+-------------------------------------------
     0 | D:1      | night the Demonspawn Monk began the quest for the Orb.
     0 | D:1      | Reached XP level 1. HP: 18/18 MP: 1/1
   293 | D:1      | Gained mutation: When hurt, damage is shared between your
                  | health and your magic reserves. [demonic ancestry]
   293 | D:1      | Reached XP level 2. HP: 7/24 MP: 2/2
  1221 | D:2      | Reached XP level 3. HP: 29/29 MP: 3/3
  1267 | D:2      | Found a stormy altar of Qazlal.
  1358 | D:2      | Mangled by an iguana

Levels and vault maps discovered:
D:1:      minmay_arrival_wavy_path, layout_basic
D:2:      layout_rooms, grunt_qazlal_sundering

Skill      XL: |  1 |
---------------+----+-----
Unarmed Combat | 3 |  3.6
Fighting       | |  3.5
Dodging        | |  2.6
Stealth        | |  1.7

Action                   || total
-------------------------++-------
Melee: Unarmed           ||   111
Throw: Stone             ||     4
 Stab: Sleeping          ||     1
  Eat: Chunk             ||     1
Armor: Robe              ||    38
Dodge: Dodged            ||    83

Table legend:
 A = Non-vault XP
 B = Vault XP
 C = Vault XP percentage of total XP
 D = Non-vault monster count
 E = Vault monster count
 F = Vault count percentage of total count
                 A         B        C        D         E       F
            +---------+---------+-------+---------+---------+-------
      Total |      60 |       0 |   0.0 |      23 |       0 |   0.0
            +---------+---------+-------+---------+---------+-------
        D:1 |      25 |       0 |   0.0 |      16 |       0 |   0.0
        D:2 |      35 |       0 |   0.0 |       7 |       0 |   0.0
            +---------+---------+-------+---------+---------+-------
